cohdb
Replays
Latest Replays
All Replays
Popular Replays
Top Player Replays
Match Explorer
How It Works
Community
CoH3 Stats
Reddit
Sign in to upload your games and track your stats! →
Sign in with Steam
Match 21537625
Unlisted
Match 21537625
Overview
Messages
Build Orders
End
Panzergrenadier Squad
Selects Battlefield Espionage Battlegroup
Panzergrenadier Squad
Construct Light Support Kompanie
Selects Intel Disruption Beacon
Fire Support Elements
Tungsten Core Ammunition
Flakvierling Half-track
Pak 38 Mechanized Group
Assault Grenadier Squad
Combat Half-tracks
Selects Plunder
Construct Mechanized Kompanie
Pak 38 Mechanized Group
Marder III Tank Destroyer
Selects Firestorm
Construct Panzerarmee Kommand
Flak 36 Anti-tank Gun Team
Emergency Repair Kits
Firestorm
Flakvierling Half-track
Rapid Advance
Flak 36 Anti-tank Gun Team
Armored Reserves
Selects 250/3 Funkpanzerwagen
Selects Advanced Ambush Training
Panzerpioneer Squad
Panzerpioneer Squad
Firestorm
Selects Operation Skorpion
Advanced Optics
Herogus3xD
Scat
DrOktan
Eisenhammer
Eber
PAUG.S®
LuiSBa
Jesulin
0
0
Comments
sign in to comment!
No comments posted yet!